 Dungeon Sprint DCSS version 0.19.5 (webtiles) character file.

451 equalderp2856 the Thaumaturge (level 6, -18/35 HPs)
             Began as a Deep Elf Ice Elementalist on Apr 2, 2017.
             Was an Initiate of Gozag.
             Killed from afar by a gargoyle (30 damage)
             ... with a stone arrow
             ... in the Dungeon (Sprint IX: "|||||||||||||||||||||||||||||").
             The game lasted 00:03:40 (851 turns).

equalderp2856 the Thaumaturge (DEIE)                 Turns: 851, Time: 00:03:41

Health: -18/35     AC:  2    Str:  7    XL:     6   Next: 75%
Magic:  21/21      EV: 15    Int: 20    God:    Gozag
Gold:   396        SH:  0    Dex: 15    Spells: 1 memorised, 25 levels left

rFire  . . .     SeeInvis .     j - +0 club
rCold  . . .     Gourm    .     a - +0 robe
rNeg   . . .     Faith    .     (no shield)
rPois  .         Spirit   .     (no helmet)
rElec  .         Reflect  .     (no cloak)
rCorr  .         Harm     .     (no gloves)
MR     .....     NoTele   +     (no boots)
Stlth  +++.......               (no amulet)
                                (no ring)
                                (no ring)

@: no status effects
A: no striking features
a: Potion Petition, Call Merchant, Bribe Branch, Renounce Religion


You were in the Dungeon.
You worshipped Gozag.
Gozag was aware of your devotion.
You were not hungry.

You visited 1 branch You collected 396 gold pieces.

Inventory:

Hand Weapons
 e - a +0 shortbow
 j - a +0 club (weapon)
 l - a +0 club
Missiles
 k - 10 arrows
Armour
 a - a +0 robe (worn)
 m - a +0 leather armour
Jewellery
 s - a +3 ring of strength
 t - a +3 ring of strength
Wands
 r - a wand of lightning (4/15)
Scrolls
 i - 2 scrolls of blinking
 p - 3 scrolls of remove curse
 q - 2 scrolls of amnesia
Potions
 d - 2 potions of curing
 f - a potion of haste
 g - 4 potions of magic
 h - a potion of berserk rage
 n - a potion of invisibility
 o - a potion of heal wounds
Books
 b - a book of Frost

   Spells                             Type                      Level
   a - Freeze                         Ice                          1
   b - Throw Frost                    Conjuration/Ice              2
   c - Ozocubu's Armour               Charms/Ice                   3
   d - Throw Icicle                   Conjuration/Ice              4
   e - Summon Ice Beast               Ice/Summoning                4
Comestibles
 c - a bread ration


   Skills:
 + Level 1.8 Fighting
 * Level 5.6 Bows
 + Level 5.6 Dodging
 + Level 4.7 Stealth
 - Level 1.2 Unarmed Combat
 + Level 10.9 Spellcasting
   Level 1.1 Conjurations
 + Level 10.1 Ice Magic
 + Level 0.9 Evocations


You had 25 spell levels left.
You knew the following spells:

 Your Spells              Type           Power        Failure   Level  Hunger
a - Freeze                Ice            ####         1%          1    None


Dungeon Overview and Level Annotations

Branches:
Dungeon (1/1)

Altars:
Cheibriados
Dithmenos
Elyvilon
Fedhas
Gozag
Hepliaklqana
Kikubaaqudgha
Makhleb
Nemelex Xobeh
Okawaru
Qazlal
Ru
Sif Muna
Trog
Uskayaw
Vehumet
Xom
Yredelemnul
Zin
The Shining One
Beogh
Jiyva
Lugonu


Message History

There is an open door here.
There is an open door to the Temple here.
There is a roughly hewn altar of Beogh here.
There is a snail-covered altar of Cheibriados here.
There is a shadowy altar of Dithmenos here.
There is a white marble altar of Elyvilon here.
There is a blossoming altar of Fedhas here.
There is an opulent altar of Gozag here.
There is a hazy altar of Hepliaklqana here.
There is a viscous altar of Jiyva here.
The gargoyle misses you.
There is an ancient bone altar of Kikubaaqudgha here.
You completely miss the gargoyle. The gargoyle hits you with a mace!
You hit the gargoyle but do no damage. The gargoyle hits you with a mace!
You closely miss the gargoyle.
The gargoyle hurls a stone arrow at you.
The stone arrow hits you!
Ouch! That really hurt!
You die...
Your body crumbles into a pile of gold.

▓_▓
$
▓_▓
$
▓_▓
$
▓_▓
$
▓_▓
$
▓_▓
$
▓_▓
▓9▓
$
▓@▓
$
▓_▓
$
▓_▓
$
▓_▓
$
▓_▓
$
▓_▓
$
▓_▓
$
▓_▓
$
▓_▓
$


You could see a gargoyle.

Vanquished Creatures
  A yak (D)
  An ice beast (D)
  A centaur (D)
  A bullfrog (D)
  A crimson imp (D)
  An adder (D)
  A shadow imp (D)
  A dart slug (D)
  An orc (D)
  A hobgoblin (D)
  A jackal (D)
  A bat (D)
  A frilled lizard (D)
  A giant cockroach zombie (D)
14 creatures vanquished.

Vanquished Creatures (others)
  A spatial maelstrom (D)
1 creature vanquished.

Grand Total: 15 creatures vanquished

Notes
Turn   | Place    | Note
-------+----------+-------------------------------------------
     0 | D        | equalderp2856 the Deep Elf Ice Elementalist began the quest for the Orb.
     0 | D        | Reached XP level 1. HP: 10/10 MP: 6/6
    17 | D        | Banished a spatial maelstrom
   203 | D        | Noticed a centaur
   203 | D        | Noticed a crimson imp
   206 | D        | Killed a crimson imp
   206 | D        | Reached skill level 5 in Spellcasting
   206 | D        | Reached skill level 5 in Ice Magic
   206 | D        | Reached XP level 2. HP: 15/15 MP: 5/10
   206 | D        | Reached XP level 3. HP: 19/19 MP: 6/12
   269 | D        | Killed a centaur
   269 | D        | Reached skill level 1 in Unarmed Combat
   269 | D        | Reached XP level 4. HP: 6/24 MP: 4/15
   269 | D        | Reached XP level 5. HP: 7/28 MP: 4/17
   529 | D        | Found a roughly hewn altar of Beogh.
   529 | D        | Found a snail-covered altar of Cheibriados.
   529 | D        | Found a shadowy altar of Dithmenos.
   529 | D        | Found a white marble altar of Elyvilon.
   529 | D        | Found a blossoming altar of Fedhas.
   529 | D        | Found an opulent altar of Gozag.
   530 | D        | Found a hazy altar of Hepliaklqana.
   531 | D        | Found a viscous altar of Jiyva.
   532 | D        | Found an ancient bone altar of Kikubaaqudgha.
   533 | D        | Found a corrupted altar of Lugonu.
   534 | D        | Found a burning altar of Makhleb.
   535 | D        | Found a sparkling altar of Nemelex Xobeh.
   536 | D        | Found an iron altar of Okawaru.
   537 | D        | Became a worshipper of Gozag Ym Sagoz the Greedy
   538 | D        | Found a stormy altar of Qazlal.
   539 | D        | Found a sacrificial altar of Ru.
   540 | D        | Found a deep blue altar of Sif Muna.
   541 | D        | Found a bloodstained altar of Trog.
   542 | D        | Found a hide-covered altar of Uskayaw.
   543 | D        | Found a radiant altar of Vehumet.
   544 | D        | Found a shimmering altar of Xom.
   545 | D        | Found a basalt altar of Yredelemnul.
   546 | D        | Found a glowing silver altar of Zin.
   547 | D        | Found a glowing golden altar of the Shining One.
   572 | D        | Noticed an orc warrior
   572 | D        | Noticed a gargoyle
   572 | D        | Noticed an ice beast
   572 | D        | Noticed a yak
   627 | D        | HP: 1/28 [yak (15)]
   631 | D        | Killed a yak
   631 | D        | Reached skill level 1 in Fighting
   631 | D        | Reached skill level 5 in Dodging
   631 | D        | Reached XP level 6. HP: 34/34 MP: 17/20
   631 | D        | Killed an ice beast
   631 | D        | Reached skill level 5 in Bows
   631 | D        | Reached skill level 10 in Spellcasting
   631 | D        | Reached skill level 10 in Ice Magic
   851 | D        | Killed from afar by a gargoyle

Skill      XL: |  1  2  3  4  5  6 |
---------------+-------------------+-----
Ice Magic      | 5 8 9 10 | 10.1
Stealth        | 3 4 |  4.7
Dodging        | 3 4 5 |  5.6
Spellcasting   | 5 7 9 10 | 10.9
Unarmed Combat | 1 |  1.2
Fighting       | 1 |  1.8
Bows           | 4 5 |  5.6
Conjurations   | |  1.1
Evocations     | |  0.9

Action                   |  1- 3 |  4- 6 || total
-------------------------+-------+-------++-------
Melee: Unarmed           |    13 |       ||    13
       Club              |       |    14 ||    14
 Fire: Shortbow          |       |     3 ||     3
 Cast: Freeze            |    18 |     1 ||    19
Evoke: Wand              |       |     3 ||     3
  Use: Potion            |     1 |     4 ||     5
Armor: Robe              |     9 |     1 ||    10
Dodge: Dodged            |    41 |     8 ||    49
